[Event "53rd Biel Blitz 2020"]
[Site "Biel"]
[Date "2020.07.25"]
[Round "3.1"]
[White "Studer, Noel"]
[Black "Naiditsch, Arkadji"]
[Result "1-0"]
[ECO "E11"]
[WhiteElo "2422"]
[BlackElo "2581"]
[Annotator "ChessBase"]
[PlyCount "61"]
[EventDate "2020.07.21"]
[EventType "tourn"]
[EventCountry "SUI"]
[SourceTitle "playchess.com"]
[Source "ChessBase"]
[SourceQuality "1"]
[TimeControl "180+2"]

1. d4 Nf6 2. c4 e6 3. Nf3 Bb4+ 4. Nbd2 c5 5. a3 Bxd2+ 6. Bxd2 cxd4 7. Nxd4 d5 8. cxd5 Qxd5 9. e3 O-O 10. Nb5 Na6 11. Bc3 Qg5 12. h4 Qg6 13. Qd3 Ne4 14. h5 Qf5 15. f3 Nxc3 16. Qxf5 exf5 17. Nxc3 Be6 18. Rh4 Nc5 19. b4 Nb3 20. Rd1 Rfc8 21. Nd5 Rc2 22. Bc4 Nc1 23. h6 g5 24. Rhd4 Kf8 25. R1d2 Rxd2 26. Kxd2 Rc8 27. b5 a6 28. a4 axb5 29. axb5 f4 30. e4 Bd7 31. Nb6 1-0

[Event "53rd Biel Blitz 2020"]
[Site "Biel"]
[Date "2020.07.25"]
[Round "6.4"]
[White "Anton Guijarro, David"]
[Black "Naiditsch, Arkadji"]
[Result "1/2-1/2"]
[ECO "D03"]
[WhiteElo "2590"]
[BlackElo "2581"]
[Annotator "RC"]
[PlyCount "112"]
[EventDate "2020.07.21"]
[EventType "tourn"]
[EventCountry "SUI"]
[SourceTitle "playchess.com"]
[Source "ChessBase"]
[SourceQuality "1"]
[TimeControl "180+2"]

1. d4 Nf6 2. Nf3 g6 3. Bg5 Bg7 4. Nbd2 d5 5. e3 O-O 6. Bd3 c5 7. c3 Nc6 8. O-O Qb6 9. Rb1 Bg4 10. h3 Bxf3 11. Nxf3 Rfe8 12. b4 cxd4 13. cxd4 Ne4 14. Bxe4 dxe4 15. Nd2 Nxb4 16. Qa4 a5 17. a3 Qc6 18. Qxc6 Nxc6 19. Nxe4 h6 20. Bf4 e5 21. dxe5 g5 22. Nd6 gxf4 23. Nxe8 Rxe8 24. exf4 Nd4 25. Rxb7 Ne2+ 26. Kh2 Nxf4 27. g3 Nd3 28. f4 Rc8 29. Kg2 Bf8 30. Rb3 Rc2+ 31. Kf3 Nc5 32. Re3 a4 33. f5 Nb3 34. Kg4 Bxa3 35. e6 Rc7 36. Rd1 fxe6 37. fxe6 Rg7+ 38. Kf5 Be7 39. Rd7 Nc5 40. Ra7 h5 41. h4 Kh7 42. Re5 Kh6 43. Rxe7 Rxe7 44. Rxc5 Ra7 45. Kf6 a3 46. Rc1 a2 47. e7 a1=Q+ 48. Rxa1 Rxa1 49. e8=Q Rf1+ 50. Ke7 Re1+ 51. Kd7 Rxe8 52. Kxe8 Kg6 53. Kf8 Kf6 54. Ke8 Ke6 55. Kf8 Kf6 56. Ke8 Ke6 1/2-1/2

[Event "53rd Biel Blitz 2020"]
[Site "Biel"]
[Date "2020.07.25"]
[Round "11.3"]
[White "Keymer, Vincent"]
[Black "Naiditsch, Arkadji"]
[Result "1-0"]
[ECO "E11"]
[WhiteElo "2476"]
[BlackElo "2581"]
[Annotator "RC"]
[PlyCount "71"]
[EventDate "2020.07.21"]
[EventType "tourn"]
[EventCountry "SUI"]
[SourceTitle "playchess.com"]
[Source "ChessBase"]
[SourceQuality "1"]
[TimeControl "180+2"]

1. d4 Nf6 2. c4 e6 3. Nf3 Bb4+ 4. Nbd2 c5 5. a3 Bxd2+ 6. Bxd2 cxd4 7. Nxd4 d5 8. e3 O-O 9. Qc2 e5 10. Nf3 e4 11. Nd4 Nbd7 12. h3 Ne5 13. c5 Bd7 14. b4 a5 15. Bc3 axb4 16. axb4 Rxa1+ 17. Bxa1 Qa8 18. Qb2 Qa4 19. Be2 Nd3+ 20. Bxd3 exd3 21. O-O Ra8 22. b5 Qa2 23. c6 Qxb2 24. Bxb2 bxc6 25. bxc6 Bc8 26. Rd1 Ra2 27. Bc3 Ba6 28. c7 Ne8 29. Rb1 Nd6 30. Rb8+ Nc8 31. Nf5 Kf8 32. Nd6 Ke7 33. Nxc8+ Bxc8 34. Rxc8 Kd7 35. Rd8+ Kxc7 36. Rxd5 1-0